 Dungeon Crawl Stone Soup version 0.16.0-17-g811c1d7 (console) character file.

432 Monkaria the Chopper (level 7, -7/63 HPs)
             Began as a Hill Orc Gladiator on Mar 21, 2015.
             Mangled by an orc warrior
             ... wielding a +0 short sword
              (16 damage)
             ... on level 7 of the Dungeon.
             The game lasted 00:06:30 (2791 turns).

Monkaria the Chopper (Hill Orc Gladiator)           Turns: 2791, Time: 00:06:30

Health: -7/63      AC:  5    Str: 20    XL:     7   Next: 0%
Magic:  7/7        EV: 18    Int: 12    God:
Gold:   128        SH:  0    Dex: 18    Spells: 0 memorised, 6 levels left

rFire  + . .     SeeInvis .     a - +0 war axe
rCold  . . .     Clarity  .     b - +0 leather armour
rNeg   . . .     SustAb   .     (no shield)
rPois  .         Gourm    .     E - +1 helmet of the Orb {Contam rElec Str+2 Int+4}
rElec  +         Spirit   .     (no cloak)
rCorr  .         Warding  .     (no gloves)
rMut   .         Stasis   .     (no boots)
MR     .....                    (no amulet)
Stlth  ++........               n - ring of protection from fire
                                y - +1 ring of slaying

@: agile, not resistant to hostile enchantments, unstealthy
A: no striking features
a: no special abilities


You were on level 7 of the Dungeon.
You were not hungry.

You visited 1 branch of the dungeon, and saw 5 of its levels.

You collected 128 gold pieces.

Inventory:

Hand weapons
 a - a +0 war axe (weapon)
Missiles
 d - 3 throwing nets (quivered)
Armour
 b - a +0 leather armour (worn)
 E - the +1 helmet of the Orb (worn) {Contam rElec Str+2 Int+4}
   (You took it off Robin on level 4 of the Dungeon)

   It affects your strength (+2).
   It affects your intelligence (+4).
   It insulates you from electricity.
   It causes magical contamination when unequipped.
Jewellery
 h - an uncursed ring of see invisible
 n - a ring of protection from fire (right hand)
 q - an uncursed ring of flight
 y - a +1 ring of slaying (left hand)
Magical devices
 x - a wand of slowing (31)
 z - a wand of fire (8)
Scrolls
 g - 2 scrolls of teleportation {unknown}
 k - 4 scrolls of remove curse {unknown}
 p - a scroll of fear {unknown}
 r - 2 scrolls of random uselessness {unknown}
 t - 6 scrolls of identify {unknown}
 u - a scroll of fog {unknown}
 v - a scroll of magic mapping {unknown}
 w - a scroll of recharging {unknown}
 A - 2 scrolls of enchant armour {unknown}
 D - a scroll of blinking {unknown}
Potions
 e - 2 potions of curing
 i - a potion of agility
 j - a potion of heal wounds {unknown}
 l - a potion of flight {unknown}
 o - a potion of might {unknown}
 s - a potion of invisibility {unknown}
 C - a potion of poison {unknown}
 F - 2 potions of restore abilities {unknown}
Books
 B - Sif Muna's Compendium of the Glacier
   (You found it on level 3 of the Dungeon)

   Spells                             Type                      Level
   a - Freeze                         Ice                          1
Comestibles
 c - 4 chunks of flesh
 f - 4 meat rations
 m - 3 bread rations


   Skills:
 + Level 6.1 Fighting
 - Level 7.7 Axes
 - Level 2.0 Throwing
 - Level 2.4 Dodging


You had 6 spell levels left.
You didn't know any spells.

Dungeon Overview and Level Annotations

Branches:
Dungeon (7/15)
 Temple: D:4-7

Altars:
Kikubaaqudgha
Makhleb
Sif Muna

Shops:
D:4 =


Message History

You feel better.
You hear some strange, mumbled words.
The puff of flame hits you! You resist.
* * * LOW HITPOINT WARNING * * *
The orc warrior misses you. The orc barely misses you.
The worker ant closely misses you. Something barely misses you.
You closely miss the orc warrior.
The orc warrior is almost dead.
You hit the ogre but do no damage.
The ogre is lightly wounded.
You hit the orc!
The orc is almost dead.
You slash something!
You hit the worker ant but do no damage.
The worker ant is lightly wounded.
Something hits you.
* * * LOW HITPOINT WARNING * * *
The ogre closely misses you. The worker ant barely misses you.
The orc warrior hits you with a short sword!
You die...

... ### .........
####.... ...........
#........ .............
........................
...................$....
........................
...............{ao.......
.............>.)@O.......
.............(...o.......
........................
........................
........(.....(.........
.......................
......(.<.............
#....................
##...............[..


You could see an orc warrior, an ogre, a worker ant and an orc.

Vanquished Creatures
  A giant frog (D:7)
  A jelly (D:7)
  5 orc wizards
  A killer bee zombie (D:7)
  Robin (D:4)
  4 adders
  A worm (D:2)
  An adder zombie (D:7)
  4 giant geckos
  10 orcs
  7 hobgoblins
  13 jackals
  10 kobolds
  2 quokkas
  2 ball pythons
  11 bats
  4 giant cockroaches
  7 giant newts
  28 goblins
  12 rats
125 creatures vanquished.

Notes
Turn   | Place    | Note
--------------------------------------------------------------
     0 | D:1      | Monkaria, the Hill Orc Gladiator, began the quest for the Orb.
     0 | D:1      | Reached XP level 1. HP: 18/18 MP: 1/1
   146 | D:1      | Reached XP level 2. HP: 18/25 MP: 2/2
   519 | D:2      | Reached XP level 3. HP: 31/31 MP: 3/3
   521 | D:2      | Reached skill level 5 in Axes
   827 | D:2      | Reached XP level 4. HP: 20/40 MP: 4/4
  1406 | D:3      | Found a burning altar of Makhleb.
  1407 | D:3      | Found an ancient bone altar of Kikubaaqudgha.
  1534 | D:3      | Found a deep blue altar of Sif Muna.
  1552 | D:3      | Reached skill level 6 in Axes
  1552 | D:3      | Reached XP level 5. HP: 20/46 MP: 3/5
  2048 | D:3      | Identified Sif Muna's Compendium of the Glacier (You found it on level 3 of the Dungeon)
  2541 | D:4      | Reached skill level 7 in Axes
  2568 | D:4      | Noticed Robin
  2579 | D:4      | Killed Robin
  2607 | D:4      | Got a shimmering helmet
  2618 | D:4      | Identified the +1 helmet of the Orb {Contam rElec Str+2 Int+4} (You took it off Robin on level 4 of the Dungeon)
  2677 | D:4      | Reached XP level 6. HP: 51/53 MP: 6/6
  2695 | D:4      | Found Yzej's Jewellery Boutique.
  2728 | D:4      | You fall through a shaft for 3 floors!
  2744 | D:7      | Reached skill level 5 in Fighting
  2785 | D:7      | Reached XP level 7. HP: 35/63 MP: 7/7
  2789 | D:7      | HP: 1/63 [orc warrior/short sword (19)]
  2791 | D:7      | Mangled by an orc warrior

Action                   |  1- 3 |  4- 6 |  7- 9 || total
-------------------------+-------+-------+-------++-------
Melee: War axe           |    84 |   160 |     2 ||   246
 Abil: Evoke Flight      |       |     4 |       ||     4
  Use: Potion            |       |       |     4 ||     4
  Eat: Chunk             |       |     7 |       ||     7
